 Dungeon Sprint DCSS version 0.30-a0-1016-gfb0d676c02 (webtiles) character file.

Game seed: 262079460156596111

858 GloriousHammer the Basher (level 7, 0/73 HPs)
             Began as a Minotaur Berserker on Apr 6, 2023.
             Was a Priest of Trog.
             Slain by a demonic crawler (4 damage)
             ... while paralysed by a floating eye
             ... in the Dungeon (Sprint I: "Red Sonja").
             The game lasted 00:01:44 (766 turns).

GloriousHammer the Basher (Minotaur Berserker)       Turns: 766, Time: 00:01:45

Health: 0/73       AC:  8    Str: 23    XL:     7   Next: 71%
Magic:  6/6        EV:  2    Int:  4    God:    Trog [***...]
Gold:   417        SH:  0    Dex: 10    Spells: 6/6 levels left

rFire   . . .      SeeInvis .    a - +0 mace
rCold   . . .      Faith    .    (no shield)
rNeg    . . .      Spirit   .    j - +0 scale mail
rPois   .          Reflect  .    (helmet restricted)
rElec   .          Rampage  .    (no cloak)
rCorr   .          NoTele   +    (no gloves)
Will    .....                    (no boots) Stlth
                                 (no amulet)
HPRegen 0.32/turn                (no ring)
MPRegen 0.10/turn                (no ring)

@: paralysed, on berserk cooldown, slowed
A: horns 2, retaliatory headbutt
a: Renounce Religion, Berserk, Trog's Hand


You were in the Dungeon.
You worshipped Trog.
Trog was most pleased with you.
You visited 1 branch You collected 417 gold pieces.

Inventory:

Hand Weapons
 a - a +0 mace (weapon)
Armour
 b - a +0 animal skin
 j - a +0 scale mail (worn)
Wands
 i - a wand of mindburst (24)
Scrolls
 h - a scroll of blinking
Potions
 c - 2 potions of curing
 d - a potion of heal wounds
 e - a potion of haste
 f - 2 potions of magic
 g - a potion of berserk rage


   Skills:
 + Level 10.8 Fighting
 * Level 13.6 Maces & Flails
 + Level 10.5 Armour
 - Level 5.4 Dodging


You had 6 spell levels left.
You didn't know any spells.
Your spell library was empty.

Dungeon Overview and Level Annotations

Branches:
Dungeon (1/1)

Altars:
Cheibriados
Dithmenos
Elyvilon
Fedhas
Gozag
Hepliaklqana
Kikubaaqudgha
Makhleb
Nemelex Xobeh
Okawaru
Qazlal
Ru
Sif Muna
Trog
Uskayaw
Vehumet
Wu Jian
Xom
Yredelemnul
Zin
The Shining One
Jiyva
Lugonu

Shops:
D =


Innate Abilities, Weirdness & Mutations

You have a pair of horns on your head.
You reflexively headbutt those who attack you in melee.


Message History

Done waiting.
Okay, then.
There is an open door here.
You open the door.
Found 108 gold pieces.
There is an open door here.
You now have 336 gold pieces (gained 27).
You now have 363 gold pieces (gained 27).
You now have 390 gold pieces (gained 27).
You now have 417 gold pieces (gained 27).
You open the door.
A kobold demonologist and a floating eye come into view.
The kobold demonologist casts a spell.
You hear a shout!
You close the door.
You start waiting. 2 kobold demonologists and 4 demonic crawlers come into view.
A red film seems to cover your vision as you go berserk!
You feel yourself moving faster!
You feel mighty!
The kobold demonologist shouts!
The demonic crawler gives a hideous shriek! x4
The kobold demonologist casts a spell.
You feel a strong urge to attack something.
The kobold demonologist hits you but does no damage.
There is an open door here.
You hit the kobold demonologist.
The kobold demonologist is lightly wounded.
The crimson imp closely misses you.
The kobold demonologist hits you but does no damage.
You miss the kobold demonologist.
The kobold demonologist is lightly wounded.
You closely miss the kobold demonologist.
The kobold demonologist is lightly wounded.
The crimson imp hits you.
You closely miss the kobold demonologist.
The kobold demonologist is lightly wounded.
The kobold demonologist hits you with a +0 dagger.
The floating eye seems to glare at you.
You closely miss the kobold demonologist.
You headbutt the kobold demonologist!
The kobold demonologist is heavily wounded.
You completely miss the kobold demonologist.
The kobold demonologist is heavily wounded.
The kobold demonologist completely misses you.
The floating eye gazes piercingly through you!
You suddenly lose the ability to move!
The demonic crawler hits you. The demonic crawler hits you! x2
The kobold demonologist hits you but does no damage.
The demonic crawler hits you but does no damage. x2
The demonic crawler hits you.
The crimson imp blinks!
The kobold demonologist casts a cantrip, but nothing happens.
You can move again.
You hit the kobold demonologist.
The kobold demonologist is heavily wounded.
The demonic crawler misses you. You furiously retaliate!
You headbutt the demonic crawler.
The demonic crawler closely misses you. x2
The crimson imp hits you but does no damage.
The kobold demonologist barely misses you.
The floating eye seems to glare at you.
You hit the kobold demonologist but do no damage.
The kobold demonologist is heavily wounded.
The demonic crawler completely misses you.
The demonic crawler hits you but does no damage.
The demonic crawler hits you!
You barely miss the kobold demonologist.
Your headbutt misses the kobold demonologist.
The kobold demonologist is heavily wounded.
The crimson imp hits you but does no damage.
The demonic crawler hits you! x2; The demonic crawler hits you.
The kobold demonologist hits you with a +0 dagger.
* * * LOW HITPOINT WARNING * * *
You sock the kobold demonologist!
Your headbutt misses the kobold demonologist.
The kobold demonologist is almost dead.
You sock the kobold demonologist!
You kill the kobold demonologist!
Trog accepts your kill.
Trog appreciates your killing of a magic user.
The crimson imp disappears in a puff of smoke!
The demonic crawler hits you but does no damage.
The demonic crawler hits you.
* * * LOW HITPOINT WARNING * * *
The demonic crawler misses you.
The floating eye gazes piercingly through you!
You suddenly lose the ability to move!
Your Maces & Flails skill increases to level 13!
Your Armour skill increases to level 10!
The demonic crawler hits you!
* * * LOW HITPOINT WARNING * * *
The demonic crawler hits you.
* * * LOW HITPOINT WARNING * * *
The demonic crawler hits you but does no damage.
The kobold demonologist miscasts a cantrip.
The floating eye seems to glare at you.
You are no longer berserk.
You feel yourself slow down. The demonic crawler hits you.
* * * LOW HITPOINT WARNING * * *
The demonic crawler barely misses you. The demonic crawler hits you.
You die...

#####################
.)..#..'..#__#.§@ss.#
.#..').#..'..'..#Ks.#
###'#####'#__####Gs.'..#
##..#...#.#### ####..+
_####..##.# ##
____##'#_.+ .∩...'..._#
..__##_.#'# ____###+#.#


You could see 4 demonic crawlers, a kobold demonologist and a floating eye
(charged).

Vanquished Creatures
  A kobold demonologist (D)
  A slime creature (D)
  Sigmund (D)
  A yak (D)
  An ogre (D)
  A jelly (D)
  Ijyb (D)
7 creatures vanquished.

Notes
Turn   | Place    | Note
-------+----------+-------------------------------------------
     0 | D        | GloriousHammer the Minotaur Berserker began the quest for
                  | the Orb.
     0 | D        | Reached XP level 1. HP: 19/19 MP: 0/0
     1 | D        | Noticed Ijyb
    10 | D        | Killed Ijyb
    11 | D        | Reached skill level 5 in Fighting
    11 | D        | Reached skill level 5 in Maces & Flails
    11 | D        | Reached XP level 2. HP: 19/29 MP: 1/1
   172 | D        | Noticed an ogre
   177 | D        | Killed an ogre
   178 | D        | Reached skill level 6 in Maces & Flails
   178 | D        | Reached skill level 5 in Armour
   178 | D        | Reached skill level 5 in Dodging
   178 | D        | Reached XP level 3. HP: 38/38 MP: 2/2
   178 | D        | Reached XP level 4. HP: 45/45 MP: 3/3
   222 | D        | Noticed Sigmund
   226 | D        | Killed Sigmund
   226 | D        | Reached ** piety under Trog
   227 | D        | Reached skill level 9 in Maces & Flails
   227 | D        | Reached XP level 5. HP: 38/53 MP: 4/4
   280 | D        | Found an ornate altar of the Wu Jian Council.
   280 | D        | Found a shimmering blue altar of Sif Muna.
   282 | D        | Found a radiant altar of Vehumet.
   288 | D        | Reached skill level 10 in Maces & Flails
   288 | D        | Reached XP level 6. HP: 55/62 MP: 5/5
   310 | D        | Found Neifithru's Jewellery Emporium.
   310 | D        | Found an ancient bone altar of Kikubaaqudgha.
   310 | D        | Found a hazy altar of Hepliaklqana.
   310 | D        | Found a hide-covered altar of Uskayaw.
   310 | D        | Found a basalt altar of Yredelemnul.
   310 | D        | Found an opulent altar of Gozag.
   310 | D        | Found a snail-covered altar of Cheibriados.
   310 | D        | Found a sacrificial altar of Ru.
   310 | D        | Found a shadowy altar of Dithmenos.
   310 | D        | Noticed a yak
   318 | D        | Killed a yak
   319 | D        | Reached skill level 11 in Maces & Flails
   319 | D        | Found a stormy altar of Qazlal.
   319 | D        | Found a blossoming altar of Fedhas.
   319 | D        | Found a bloodstained altar of Trog.
   319 | D        | Found an iron altar of Okawaru.
   319 | D        | Found a glowing golden altar of the Shining One.
   319 | D        | Found a glowing silver altar of Zin.
   319 | D        | Found a white marble altar of Elyvilon.
   320 | D        | Found a sparkling altar of Nemelex Xobeh.
   492 | D        | Found a burning altar of Makhleb.
   492 | D        | Found a viscous altar of Jiyva.
   492 | D        | Found a shimmering altar of Xom.
   492 | D        | Found a corrupted altar of Lugonu.
   492 | D        | Noticed a slime creature
   502 | D        | Killed a slime creature
   503 | D        | Reached skill level 10 in Fighting
   503 | D        | Reached skill level 12 in Maces & Flails
   503 | D        | Reached XP level 7. HP: 46/72 MP: 6/6
   734 | D        | Noticed a kobold demonologist
   735 | D        | Noticed a smoke demon
   750 | D        | Noticed a kobold demonologist
   750 | D        | Noticed a demonic crawler
   750 | D        | Noticed a demonic crawler
   750 | D        | Noticed a demonic crawler
   750 | D        | Noticed a demonic crawler
   757 | D        | Paralysed by a floating eye for 2 turns
   764 | D        | Killed a kobold demonologist
   764 | D        | Reached *** piety under Trog
   764 | D        | Paralysed by a floating eye for 3 turns
   765 | D        | Reached skill level 13 in Maces & Flails
   765 | D        | Reached skill level 10 in Armour
   766 | D        | Slain by a demonic crawler

Illustrated notes

Levels and vault maps discovered:
D:        dungeon_sprint_1 [red_sonja_temple_1, red_sonja_temple_small_1]

Skill      XL: |  1  2  3  4  5  6  7 |
---------------+----------------------+-----
Fighting       | 5 6 8 10 | 10.8
Maces & Flails | 5 6 9 10 12 13 | 13.6
Armour         | 4 5 7 8 9 10 | 10.5
Dodging        | 3 5 |  5.4

Action                     |  1- 3 |  4- 6 |  7- 9 || total
---------------------------+-------+-------+-------++-------
  Melee: Mace              |     9 |    22 |    11 ||    42
         Headbutt          |     3 |     7 |     1 ||    11
         Punch             |       |     1 |       ||     1
 Invoke: Berserk           |     1 |     1 |     1 ||     3
 Armour: Scale mail        |       |       |    10 ||    10
  Dodge: Dodged            |       |    10 |     9 ||    19

Table legend: (Time is in decaauts)
 A = Elapsed time spent in this place.
 B = Non-inter-level travel time spent in this place.
 C = Inter-level travel time spent in this place.
 D = Time resting spent in this place.
 E = Time spent auto-exploring this place.
 F = Levels seen in this place.
 G = Mean time per level.
                   A        B        C        D        E       F      G
               +--------+--------+--------+--------+--------+-----+--------+
         Total |    783 |    783 |      0 |    613 |      0 |   1 |  783.0 |
       Dungeon |    783 |    783 |      0 |    613 |      0 |   1 |  783.0 |
               +--------+--------+--------+--------+--------+-----+--------+

Top non-repeatable levels by time:
       D: 783 daAuts
